 Dungeon Sprint DCSS version 0.21-a0-260-g9b2435e (webtiles) character file.

35333 Kidiri the Imperceptible (level 13, -4/70 HPs)
             Began as a Spriggan Enchanter on Sept 7, 2017.
             Was the Champion of Dithmenos.
             Killed from afar by Lom Lobon (5 damage)
             ... with a tornado
             ... in the Dungeon (Sprint I: "Red Sonja").
             The game lasted 00:27:13 (5002 turns).

Kidiri the Imperceptible (Spriggan Enchanter)       Turns: 5002, Time: 00:27:14

Health: -4/70      AC:  7    Str:  4    XL:     13   Next: 47%
Magic:  0/34       EV: 36    Int: 25    God:    Dithmenos [******]
Gold:   3418       SH:  0    Dex: 23    Spells: 27/45 levels left

rFire    + . .     SeeInvis +   a - +0 dagger (holy)
rCold    + + .     Gourm    .   o - +1 buckler
rNeg     + . .     Faith    .   y - +2 robe {rF+}
rPois    .         Spirit   .   (helmet restricted)
rElec    .         Reflect  +   n - +2 cloak of Untold Secrets {rC+ Dex+2}
rCorr    .         Harm     .   (gloves unavailable)
MR       ++...     NoTele   +   (boots unavailable)
Stlth    ++........             v - +3 amulet of reflection
HPRegen  0.21/turn              p - ring of Hisu Zuo {rC+ rN+ Int+3 Dex+2 Stlth-}
MPRegen  0.24/turn              q - +3 ring of intelligence

@: confused, flying (expiring), very slightly contaminated, wreathed by umbra,
very quick
A: unfitting armour, see invisible, deformed body, herbivore 3, speed 3, slow
metabolism 2
0: Orb of Zot
a: Shadow Step, Shadow Form, Renounce Religion


You were in the Dungeon.
You worshipped Dithmenos.
Dithmenos was exalted by your worship.
You were not hungry.

You visited 1 branch You collected 6184 gold pieces.
You spent 2766 gold pieces at shops.

Inventory:

Hand Weapons
 a - a +0 dagger of holy wrath (weapon)
 k - a +0 dagger of venom
Missiles
 r - a throwing net (quivered)
Armour
 c - +0 gold dragon scales
 n - the +2 cloak of Untold Secrets (worn) {rC+ Dex+2}
   (You bought it in a shop in the Dungeon)

   It affects your dexterity (+2).
   It protects you from cold.
 o - a +1 buckler (worn)
 y - a +2 robe of fire resistance (worn)
Jewellery
 p - the ring of Hisu Zuo (left hand) {rC+ rN+ Int+3 Dex+2 Stlth-}
   (You bought it in a shop in the Dungeon)

   [ring of loudness]

   It affects your intelligence (+3).
   It affects your dexterity (+2).
   It protects you from cold.
   It protects you from negative energy.
   It makes you less stealthy.
 q - a +3 ring of intelligence (right hand)
 v - a +3 amulet of reflection (around neck)
Wands
 b - a wand of confusion (19/48)
 t - a wand of confusion (29/48)
Scrolls
 e - a scroll of recharging
 f - a scroll of fog
 m - a scroll of fear
 s - a scroll of summoning
 u - 2 scrolls of remove curse
Potions
 g - 3 potions of haste
 h - 3 potions of magic
 i - a potion of berserk rage
 l - 6 potions of curing
 w - a potion of resistance
 x - a potion of invisibility
 z - a potion of heal wounds
Books
 d - a Necronomicon

   Spells                             Type                      Level
   a - Haunt                          Necromancy/Summoning         7
   b - Borgnjor's Revivification      Necromancy                   8
   c - Death's Door                   Charms/Necromancy            8
   d - Infestation                    Necromancy                   8
   e - Necromutation                  Transmutation/Necromancy     8
 A - the Handbook of Fascination
   (You found it in the Dungeon)

   Spells                             Type                      Level
   a - Ensorcelled Hibernation        Hexes/Ice                    2
   b - Summon Guardian Golem          Hexes/Summoning              3
   c - Fulminant Prism                Conjuration/Hexes            4
   d - Metabolic Englaciation         Hexes/Ice                    5
   e - Darkness                       Hexes                        6


   Skills:
 + Level 9.2 Fighting
 * Level 15.5 Short Blades
 + Level 8.0 Armour
 * Level 19.5 Dodging
 * Level 21.1 Stealth
 * Level 16.9 Spellcasting
 + Level 8.0 Conjurations
 + Level 12.8 Hexes
 + Level 8.6 Ice Magic


You had 27 spell levels left.
You knew the following spells:

 Your Spells              Type           Power        Failure   Level  Hunger
a - Corona                Hex            ######.      1%          1    None
b - Ensorcelled Hibernat  Hex/Ice        ######       1%          2    None
c - Confuse               Hex            ######..     1%          3    None
d - Tukima's Dance        Hex            ######..     1%          3    None
e - Dazzling Spray        Conj/Hex       ######       1%          3    None
f - Darkness              Hex            ######....   3%          6    ####...


Dungeon Overview and Level Annotations

Branches:
Dungeon (1/1)

Altars:
Cheibriados
Dithmenos
Elyvilon
Fedhas
Gozag
Hepliaklqana
Kikubaaqudgha
Makhleb
Nemelex Xobeh
Okawaru
Qazlal
Ru
Sif Muna
Trog
Uskayaw
Vehumet
Wu Jian
Xom
Yredelemnul
Zin
The Shining One
Jiyva
Lugonu

Shops:
D ?[(*(*![=!%}*[}(*?([[(

Annotations:
D Lom Lobon, Tiamat


Innate Abilities, Weirdness & Mutations

You are very small and have problems with some larger weapons.
You are too small for most types of armour.
You have supernaturally acute eyesight. (SInv)
You are a herbivore.
You cover ground extremely quickly.
You need consume almost no food.
Armour fits poorly on your strangely shaped body.


Message History

The blast of lightning engulfs you!
* * * LOW HITPOINT WARNING * * *
The blast of lightning engulfs Lom Lobon.
Lom Lobon completely resists.
The ball lightning explodes!
The blast of lightning engulfs Tiamat.
Tiamat appears unharmed.
The blast of lightning engulfs the ball lightning.
The ball lightning completely resists.
Lom Lobon hits you.
* * * LOW HITPOINT WARNING * * *
You feel your power leaking away.
Tiamat roars!
Unknown command.
Unknown command.
You're too confused to cast spells.
You aren't carrying any food.
Unknown command.
You pick up the Orb of Zot!
The Orb lets out a hideous shriek!
The lords of Pandemonium are not amused.
Beware!
Now all you have to do is get back out of the dungeon!
You die...

((().......≈####(....)...###,,§.#
.}........≈≈##....).)#####,,,,###
#.......≈≈≈###....).##,,,,,,,,#..
###..≈≈≈≈### #.....##,,,,,,,,,#..
##+######+####.....#,,,,,,,,,,#..
∩∩########∩∩###########*,,,,§,#..
#∩∩∩∩∩∩∩∩∩∩###≈≈≈d*≈≈≈.*,,§§§,###
############ ###########.....,',,
#§§@&§§.^.§....§,*,,
################****


You could see Lom Lobon, Tiamat and a ball lightning.

Vanquished Creatures
  the Lernaean hydra (D)
  A golden dragon (D)
  A shadow dragon (D)
  3 fire giants (D)
  A lorocyproca (D)
  A deep elf annihilator (D)
  A mummy priest (D)
  A hydra (D)
  2 centaur warriors (D)
  Sonja (D)
  7 unseen horrors (D)
  A deep troll (D)
  A lindwurm (D)
  2 oklob plants (D)
  8 shining eyes (D)
  2 merfolk sirens (D)
  2 gargoyles (D)
  2 kobold demonologists (D)
  A hellwing (D)
  4 demonic crawlers (D)
  5 hornets (D)
  A slime creature (D)
  Sigmund (D)
  2 redbacks (D)
  13 hogs (D)
  A yak (D)
  7 floating eyes (D)
  7 necrophages (D)
  An ogre (D)
  8 jellies (D)
  Ijyb (D)
  A ball lightning (D)
  3 ballistomycetes (D)
  A ballistomycete spore (D)
95 creatures vanquished.

Vanquished Creatures (others)
  A deep elf master archer (D)
  A fire giant (D)
  2 ball lightnings (D)
  A ballistomycete spore (D)
5 creatures vanquished.

Grand Total: 100 creatures vanquished

Notes
Turn   | Place    | Note
-------+----------+-------------------------------------------
     0 | D        | Kidiri the Spriggan Enchanter began the quest for the Orb.
     0 | D        | Reached XP level 1. HP: 9/9 MP: 5/5
     2 | D        | Noticed Ijyb
    89 | D        | Killed Ijyb
    89 | D        | Reached skill level 1 in Fighting
    89 | D        | Reached skill level 5 in Stealth
    89 | D        | Reached XP level 2. HP: 8/14 MP: 0/7
    98 | D        | Learned a level 2 spell: Ensorcelled Hibernation
   238 | D        | Noticed an ogre
   240 | D        | Killed an ogre
   240 | D        | Reached skill level 1 in Armour
   240 | D        | Reached skill level 7 in Stealth
   240 | D        | Reached skill level 5 in Spellcasting
   240 | D        | Reached skill level 1 in Ice Magic
   240 | D        | Reached XP level 3. HP: 18/18 MP: 7/10
   240 | D        | Reached XP level 4. HP: 23/23 MP: 8/12
   255 | D        | Learned a level 3 spell: Confuse
   259 | D        | Learned a level 3 spell: Tukima's Dance
   263 | D        | Learned a level 3 spell: Dazzling Spray
   278 | D        | Noticed Sigmund
   280 | D        | Killed Sigmund
   280 | D        | Reached skill level 5 in Short Blades
   280 | D        | Reached skill level 9 in Stealth
   280 | D        | Reached skill level 1 in Conjurations
   280 | D        | Reached skill level 5 in Hexes
   280 | D        | Reached XP level 5. HP: 27/27 MP: 13/15
   280 | D        | Reached XP level 6. HP: 32/32 MP: 13/16
   294 | D        | Found an ornate altar of the Wu Jian Council.
   294 | D        | Found a deep blue altar of Sif Muna.
   296 | D        | Found a radiant altar of Vehumet.
   338 | D        | Found Xunoesk's General Store.
   338 | D        | Found an ancient bone altar of Kikubaaqudgha.
   338 | D        | Found a hazy altar of Hepliaklqana.
   338 | D        | Found a stormy altar of Qazlal.
   338 | D        | Found a hide-covered altar of Uskayaw.
   338 | D        | Found a blossoming altar of Fedhas.
   338 | D        | Found a bloodstained altar of Trog.
   338 | D        | Found an iron altar of Okawaru.
   338 | D        | Found a basalt altar of Yredelemnul.
   338 | D        | Found a glowing golden altar of the Shining One.
   338 | D        | Found a snail-covered altar of Cheibriados.
   338 | D        | Found a sacrificial altar of Ru.
   338 | D        | Found a glowing silver altar of Zin.
   338 | D        | Found a shadowy altar of Dithmenos.
   338 | D        | Found a white marble altar of Elyvilon.
   338 | D        | Noticed a yak
   339 | D        | Found an opulent altar of Gozag.
   340 | D        | Killed a yak
   340 | D        | Reached skill level 10 in Stealth
   341 | D        | Found a sparkling altar of Nemelex Xobeh.
   348 | D        | Became a worshipper of Dithmenos the Shadowed
   359 | D        | Noticed Sonja
   363 | D        | Killed Sonja
   363 | D        | Reached skill level 10 in Dodging
   363 | D        | Reached skill level 11 in Stealth
   363 | D        | Reached XP level 7. HP: 37/37 MP: 18/20
   363 | D        | Reached XP level 8. HP: 42/42 MP: 18/21
   380 | D        | Found Puntea Ekoa's Magic Scroll Boutique.
   405 | D        | Noticed a deep troll
   409 | D        | Killed a deep troll
   409 | D        | Reached skill level 12 in Stealth
   420 | D        | Found Huqehid's Armour Emporium.
   446 | D        | Noticed a centaur warrior
   447 | D        | Noticed a centaur warrior
   453 | D        | Noticed a hornet
   469 | D        | Killed a centaur warrior
   469 | D        | Reached * piety under Dithmenos
   469 | D        | Reached skill level 13 in Stealth
   469 | D        | Reached skill level 10 in Spellcasting
   469 | D        | Reached XP level 9. HP: 28/46 MP: 3/24
   471 | D        | Killed a centaur warrior
   471 | D        | Reached skill level 5 in Fighting
   605 | D        | Noticed an oklob plant
   607 | D        | Killed an oklob plant
   607 | D        | Reached ** piety under Dithmenos
   607 | D        | Reached skill level 10 in Short Blades
   607 | D        | Reached skill level 14 in Stealth
   615 | D        | Reached skill level 5 in Ice Magic
   643 | D        | Noticed an unseen horror
   643 | D        | Noticed an unseen horror
   649 | D        | Killed an unseen horror
   649 | D        | Reached *** piety under Dithmenos
   649 | D        | Reached XP level 10. HP: 52/52 MP: 26/26
   651 | D        | Killed an unseen horror
   651 | D        | Reached skill level 5 in Armour
   651 | D        | Reached skill level 15 in Stealth
   682 | D        | Reached **** piety under Dithmenos
   689 | D        | Reached ***** piety under Dithmenos
   831 | D        | Found Hoceuf's Antique Armour Shoppe.
   831 | D        | Found Wikhuon's Distillery.
   831 | D        | Found Jasobof's Jewellery Boutique.
   833 | D        | Found Guddiusm's Distillery.
   833 | D        | Found Timpin's Food Shop.
   833 | D        | Found Coohojeu's Gadget Shoppe.
   833 | D        | Found Ajaa's Assorted Antiques.
   833 | D        | Found Yffaxkoci's Antique Armour Emporium.
   833 | D        | Found Dogg's Gadget Shop.
   833 | D        | Found Cetz's Weapon Shoppe.
   837 | D        | Found Aduenkei's Assorted Antiques.
   838 | D        | Found Lufrint's Antique Weapon Emporium.
   838 | D        | Found Gicuho Gung's Magic Scroll Boutique.
   839 | D        | Found Emeos's Armour Emporium.
   848 | D        | Bought the +2 cloak of Untold Secrets {rC+ Dex+2} for 392 gold pieces
   848 | D        | Bought a +0 buckler for 54 gold pieces
   873 | D        | Bought the ring of Hisu Zuo {rC+ rN+ Int+3 Dex+2 Stlth-} for 434 gold pieces
   873 | D        | Bought a +3 ring of intelligence for 188 gold pieces
   949 | D        | Found a burning altar of Makhleb.
   949 | D        | Found a viscous altar of Jiyva.
   949 | D        | Found a shimmering altar of Xom.
   949 | D        | Found a corrupted altar of Lugonu.
  1136 | D        | Reached skill level 5 in Conjurations
  1241 | D        | Reached ****** piety under Dithmenos
  1245 | D        | Reached skill level 16 in Stealth
  1275 | D        | Noticed a lindwurm
  1277 | D        | Killed a lindwurm
  1277 | D        | Reached XP level 11. HP: 58/58 MP: 28/28
  1299 | D        | Reached skill level 15 in Dodging
  1310 | D        | Reached skill level 10 in Hexes
  1464 | D        | Noticed a 12-headed hydra
  1466 | D        | Killed a 12-headed hydra
  1581 | D        | Noticed a lorocyproca
  1584 | D        | Killed a lorocyproca
  1584 | D        | Reached skill level 17 in Stealth
  2101 | D        | Bought a scroll of identify for 26 gold pieces
  2102 | D        | Bought a scroll of identify for 26 gold pieces
  2102 | D        | Bought a scroll of identify for 26 gold pieces
  2105 | D        | Bought a scroll of fear for 45 gold pieces
  2105 | D        | Bought a scroll of remove curse for 39 gold pieces
  2174 | D        | Bought a +3 amulet of reflection for 188 gold pieces
  2183 | D        | Bought a scroll of identify for 40 gold pieces
  2186 | D        | Bought a scroll of magic mapping for 38 gold pieces
  2201 | D        | Bought a potion of resistance for 140 gold pieces
  2201 | D        | Bought 2 potions of haste for 280 gold pieces
  2201 | D        | Bought a potion of invisibility for 112 gold pieces
  2201 | D        | Bought a potion of heal wounds for 70 gold pieces
  2202 | D        | Bought a runed robe for 88 gold pieces
  2216 | D        | Bought a potion of heal wounds for 70 gold pieces
  2216 | D        | Bought a potion of curing for 42 gold pieces
  2216 | D        | Bought a potion of heal wounds for 70 gold pieces
  2216 | D        | Bought a potion of curing for 42 gold pieces
  2216 | D        | Bought a potion of magic for 112 gold pieces
  2216 | D        | Bought a potion of magic for 112 gold pieces
  2216 | D        | Bought a potion of curing for 42 gold pieces
  2341 | D        | Noticed a daeva
  2344 | D        | Noticed an unseen horror
  2344 | D        | Noticed an unseen horror
  2344 | D        | Noticed an unseen horror
  2345 | D        | Noticed an unseen horror
  2347 | D        | Killed an unseen horror
  2351 | D        | Killed an unseen horror
  2352 | D        | Noticed an unseen horror
  2353 | D        | Killed an unseen horror
  2355 | D        | Killed an unseen horror
  2357 | D        | Killed an unseen horror
  2401 | D        | Noticed a fire giant
  2402 | D        | Noticed a fire giant
  2402 | D        | Noticed a fire giant
  2402 | D        | Noticed a fire giant
  2403 | D        | Killed a fire giant
  2403 | D        | Reached skill level 18 in Stealth
  2403 | D        | Reached XP level 12. HP: 63/63 MP: 26/31
  2405 | D        | Killed a fire giant
  2421 | D        | Killed a fire giant
  2423 | D        | Killed a fire giant
  2423 | D        | Reached skill level 15 in Spellcasting
  2429 | D        | Noticed Tiamat
  3035 | D        | Noticed a shadow dragon
  3035 | D        | Noticed a golden dragon
  3036 | D        | Killed a golden dragon
  3036 | D        | Reached skill level 19 in Stealth
  3037 | D        | Killed a shadow dragon
  3126 | D        | Found Abbe Suo's Antique Weapon Shoppe.
  3222 | D        | Bought a scroll of blinking for 90 gold pieces
  3262 | D        | Gained mutation: Armour fits poorly on your strangely shaped body. [a shining eye]
  3266 | D        | Reached XP level 13. HP: 69/69 MP: 2/34
  3268 | D        | Found Leusex's Armour Shoppe.
  3268 | D        | Found Ceqija Vimi's Assorted Antiques.
  3268 | D        | Found Waanes's Antique Weapon Emporium.
  3269 | D        | Found Zomacahergh's Antique Weapon Shop.
  3451 | D        | Noticed a deep elf annihilator
  3452 | D        | Noticed a mummy priest
  3453 | D        | Reached skill level 20 in Stealth
  3455 | D        | Killed a deep elf annihilator
  3526 | D        | Noticed a jiangshi
  3626 | D        | Killed a mummy priest
  3626 | D        | Reached skill level 15 in Short Blades
  3883 | D        | Noticed the 27-headed Lernaean hydra
  3986 | D        | Killed the 27-headed Lernaean hydra
  3986 | D        | Reached skill level 21 in Stealth
  4157 | D        | Noticed a deep elf master archer
  4571 | D        | Identified the Handbook of Fascination
  4580 | D        | Learned a level 6 spell: Darkness
  4722 | D        | Killed a deep elf master archer
  4988 | D        | Noticed Lom Lobon
  5001 | D        | HP: 2/70 [ball lightning[Lom Lobon] (8)]
  5002 | D        | Got the Orb of Zot
  5002 | D        | Killed from afar by Lom Lobon

Vault maps used:
D:        dungeon_sprint_1

Skill      XL: |  1  2  3  4  5  6  7  8  9 10 11 12 13 |
---------------+----------------------------------------+-----
Fighting       | 1 2 3 4 5 6 7 8 9 |  9.2
Short Blades   | 2 4 5 7 9 10 11 13 14 15 | 15.5
Dodging        | 4 6 7 10 11 13 14 16 18 19 | 19.5
Stealth        | 5 7 9 11 13 14 16 18 19 21 | 21.1
Spellcasting   | 3 5 6 8 10 11 12 14 16 | 16.9
Hexes          | 4 5 6 7 8 9 11 12 | 12.8
Armour         | 1 2 3 4 5 6 7 8 |  8.0
Ice Magic      | 1 2 3 4 5 6 7 8 |  8.6
Conjurations   | 1 2 3 4 5 6 7 8 |  8.0

Action                   |  1- 3 |  4- 6 |  7- 9 | 10-12 | 13-15 || total
-------------------------+-------+-------+-------+-------+-------++-------
Melee: Dagger            |    48 |     4 |    21 |   130 |    10 ||   213
 Cast: Corona            |    11 |       |       |       |       ||    11
       Dazzling Spray    |       |       |     7 |    23 |    46 ||    76
       Confuse           |       |       |       |     5 |     4 ||     9
       Ensorcelled Hiber |       |       |       |    20 |     3 ||    23
Invok: Shadow Step       |       |       |       |    11 |     3 ||    14
  Use: Potion            |     1 |       |     1 |     2 |     1 ||     5
       Scroll            |       |       |       |     8 |     3 ||    11
 Stab: Sleeping          |     2 |     4 |     6 |    56 |     8 ||    76
       Invisible         |       |       |     1 |     2 |       ||     3
       Confused          |       |       |       |     2 |       ||     2
  Eat: Bread ration      |       |       |       |       |     1 ||     1
Armor: Robe              |     5 |       |     1 |       |       ||     6
Dodge: Dodged            |    40 |       |    28 |    36 |    10 ||   114
Block: Buckler           |       |       |       |    10 |     5 ||    15
       Reflection        |       |       |       |       |     2 ||     2

Table legend:
 A = Spawn XP
 B = Non-spawn XP
 C = Spawn XP percentage of total XP
 D = Spawn monster count
 E = Non-spawn monster count
 F = Spawn count percentage of total count
 G = Total turns spent on level
                    A         B        C        D         E        F      G
               +---------+---------+-------+---------+---------+-------+---------
         Total |       0 |   50476 |   0.0 |       0 |      93 |   0.0 |  5002
               +---------+---------+-------+---------+---------+-------+---------
             D |       0 |   50476 |   0.0 |       0 |      93 |   0.0 |  5002
               +---------+---------+-------+---------+---------+-------+---------
